EVO
WASHINGTON STATE UNIVERSITY COUGARS @ PENNSYLVANIA STATE UNIVERSITY NITTANY LIONS
09/14/2047
 
TOP OF THE 1ST
Washington State University Cougars batting - Pitching for Pennsylvania State University Nittany Lions : LHP Mike Anderson
Pitching: LHP Mike Anderson
Batting: LHB David Jackson 0-0: Swinging Strike
0-1: Swinging Strike
0-2: Ball
1-2: Strikes out swinging, 2-3 out at first.
Batting: LHB Israel Ariza 0-0: Ball
1-0: Called Strike
1-1: Ball
2-1: Foul Ball, location: 2F
2-2: DOUBLE (Line Drive, 3D, EV 99.4 MPH)
Batting: SHB Juan Delanoval 0-0: Called Strike
0-1: Ball
1-1: Ball
2-1: Foul Ball, location: 2F
2-2: Foul Ball, location: 2F
2-2: Strikes out swinging
Batting: RHB Mas Langat 0-0: Ball
1-0: Ground out 4-3 (Groundball, 4, EV 106.9 MPH)
Top of the 1st over - 0 runs, 1 hit, 0 errors, 1 left on base; Washington State University 0 - Pennsylvania State University 0
BOTTOM OF THE 1ST
Pennsylvania State University Nittany Lions batting - Pitching for Washington State University Cougars : RHP Luke Cook
Pitching: RHP Luke Cook
Batting: RHB Jesse Bandt 0-0: Called Strike
0-1: Foul Ball, location: 2F
0-2: Ball
1-2: Fly out, F2 (Popup, 13S, EV 87.5 MPH)
Batting: RHB Pete Martin 0-0: Called Strike
0-1: Called Strike
0-2: Foul Ball, location: 2F
0-2: Ball
1-2: Strikes out swinging
Batting: RHB Josh Ebeling 0-0: Foul Ball, location: 2F
0-1: Called Strike
0-2: Ball
1-2: Fly out, F9 (Flyball, 89D, EV 86.2 MPH)
Bottom of the 1st over - 0 runs, 0 hits, 0 errors, 0 left on base; Washington State University 0 - Pennsylvania State University 0
TOP OF THE 2ND
Washington State University Cougars batting - Pitching for Pennsylvania State University Nittany Lions : LHP Mike Anderson
Batting: LHB Scott Spillers 0-0: Foul Ball, location: 2F
0-1: Fly out, F9 (Flyball, 89M, EV 98.8 MPH)
Batting: RHB Wil Gonzales 0-0: Called Strike
0-1: Foul Ball, location: 2F
0-2: Ball
1-2: Ball
2-2: Fly out, F8 (Flyball, 8RD, EV 91.9 MPH)
Batting: RHB Miguel Paredes 0-0: Ball
1-0: Called Strike
1-1: Swinging Strike
1-2: Ball
2-2: Strikes out swinging
Top of the 2nd over - 0 runs, 0 hits, 0 errors, 0 left on base; Washington State University 0 - Pennsylvania State University 0
BOTTOM OF THE 2ND
Pennsylvania State University Nittany Lions batting - Pitching for Washington State University Cougars : RHP Luke Cook
Batting: RHB Rob Hinojosa 0-0: Ball
1-0: Ground out 6-3 (Groundball, 6, EV 76.9 MPH)
Batting: RHB Victor Victorino 0-0: Fly out, F9 (Line Drive, 9S, EV 100.0 MPH)
Batting: RHB Joe Strachan 0-0: Foul Ball, location: 2F
0-1: Called Strike
0-2: Ground out 5-3 (Groundball, 56S, EV 79.4 MPH)
Bottom of the 2nd over - 0 runs, 0 hits, 0 errors, 0 left on base; Washington State University 0 - Pennsylvania State University 0
TOP OF THE 3RD
Washington State University Cougars batting - Pitching for Pennsylvania State University Nittany Lions : LHP Mike Anderson
Batting: RHB Ryan Toth 0-0: Ball
1-0: Foul Ball, location: 2F
1-1: Fly out, F8 (Flyball, 8LS, EV 95.0 MPH)
Batting: RHB Dave DeLaMater 0-0: Called Strike
0-1: Ground out 6-3 (Groundball, 6, EV 85.6 MPH)
Batting: LHB David Jackson 0-0: Ball
1-0: Ball
2-0: Ball
3-0: Called Strike
3-1: Fly out, F8 (Flyball, 89D, EV 101.9 MPH)
Top of the 3rd over - 0 runs, 0 hits, 0 errors, 0 left on base; Washington State University 0 - Pennsylvania State University 0
BOTTOM OF THE 3RD
Pennsylvania State University Nittany Lions batting - Pitching for Washington State University Cougars : RHP Luke Cook
Batting: RHB Francisco Velazquez 0-0: Ball
1-0: Ball
2-0: Called Strike
2-1: Foul Ball, location: 2F
2-2: Ball
3-2: SINGLE (Groundball, 4MD, EV 99.4 MPH) (infield hit)
Batting: RHB Zachary Roberts 0-0: Ball
1-0: Ball
2-0: Called Strike
2-1: Foul Ball, location: 2F
2-2: Fly out, F9 (Line Drive, 89M, EV 95.0 MPH)
Batting: RHB James Steinmetz 0-0: Called Strike
0-1: Swinging Strike
0-2: SINGLE (Groundball, P, EV 84.4 MPH) (infield hit)
Francisco Velazquez to second
Batting: RHB Jesse Bandt 0-0: Ball
1-0: Ball
Francisco Velazquez steals 3rd base
2-0: Called Strike
2-1: Fly out, F7 (Line Drive, 78M, EV 96.2 MPH)
Runner from 3rd tags up, SCORES, no throw by LF
Batting: RHB Pete Martin 0-0: Called Strike
0-1: Ball
1-1: Ball
2-1: Ball
3-1: Base on Balls
James Steinmetz to second
Batting: RHB Josh Ebeling 0-0: Ball
1-0: DOUBLE (Line Drive, 7LS, EV 105.0 MPH)
James Steinmetz scores
Pete Martin to third
Batting: RHB Rob Hinojosa 0-0: Ball
1-0: Foul Ball, location: 2F
1-1: Swinging Strike
1-2: Strikes out swinging
Bottom of the 3rd over - 2 runs, 3 hits, 0 errors, 2 left on base; Washington State University 0 - Pennsylvania State University 2
TOP OF THE 4TH
Washington State University Cougars batting - Pitching for Pennsylvania State University Nittany Lions : LHP Mike Anderson
Batting: LHB Israel Ariza 0-0: Called Strike
0-1: Ball
1-1: Ball
2-1: Ball
3-1: Base on Balls
Batting: SHB Juan Delanoval 0-0: Ball
1-0: Ball
2-0: Ball
3-0: Base on Balls
Israel Ariza to second
Batting: RHB Mas Langat 0-0: Ball
1-0: Ball
2-0: Fielders Choice at 2nd, 3-6 (Groundball, 3S, EV 83.1 MPH)
Israel Ariza to third
Batting: LHB Scott Spillers 0-0: Foul Ball, location: 2F
0-1: Ball
1-1: Swinging Strike
1-2: Ball
2-2: SINGLE (Line Drive, 5D, EV 96.9 MPH)
Israel Ariza scores
Mas Langat to second
Batting: RHB Wil Gonzales 0-0: 3-RUN HOME RUN (Flyball, 7D, EV 106.2 MPH), Distance : 394 ft
Batting: RHB Miguel Paredes 0-0: Fly out, F7 (Flyball, 7, EV 81.2 MPH)
Batting: RHB Ryan Toth 0-0: Called Strike
0-1: Foul Ball, location: 2F
0-2: Foul Ball, location: 2F
0-2: Fly out, F7 (Line Drive, 7, EV 90.0 MPH)
Top of the 4th over - 4 runs, 2 hits, 0 errors, 0 left on base; Washington State University 4 - Pennsylvania State University 2
BOTTOM OF THE 4TH
Pennsylvania State University Nittany Lions batting - Pitching for Washington State University Cougars : RHP Luke Cook
Batting: RHB Victor Victorino 0-0: Ball
1-0: Fly out, F3 (Popup, 3S, EV 83.1 MPH)
Batting: RHB Joe Strachan 0-0: Swinging Strike
0-1: SINGLE (Line Drive, 78M, EV 103.1 MPH)
Batting: RHB Francisco Velazquez 0-0: Called Strike
Pickoff Throw to First - Out! 1-3
0-1: Ball
1-1: Called Strike
1-2: Strikes out swinging
Bottom of the 4th over - 0 runs, 1 hit, 0 errors, 0 left on base; Washington State University 4 - Pennsylvania State University 2
TOP OF THE 5TH
Washington State University Cougars batting - Pitching for Pennsylvania State University Nittany Lions : LHP Mike Anderson
Batting: RHB Dave DeLaMater 0-0: Ball
1-0: Called Strike
1-1: Fly out, F8 (Flyball, 8RD, EV 93.8 MPH)
Batting: LHB David Jackson 0-0: Fly out, F8 (Flyball, 8LXD, EV 102.5 MPH)
Batting: LHB Israel Ariza 0-0: Foul Ball, location: 2F
0-1: Ball
1-1: Swinging Strike
1-2: Ball
2-2: Foul Ball, location: 2F
2-2: Ball
3-2: Ground out 5-3 (Groundball, 56, EV 81.2 MPH)
Top of the 5th over - 0 runs, 0 hits, 0 errors, 0 left on base; Washington State University 4 - Pennsylvania State University 2
BOTTOM OF THE 5TH
Pennsylvania State University Nittany Lions batting - Pitching for Washington State University Cougars : RHP Luke Cook
Batting: RHB Zachary Roberts 0-0: Called Strike
0-1: Fly out, F8 (Flyball, 8LD, EV 98.8 MPH)
Batting: RHB James Steinmetz 0-0: Foul Ball, location: 2F
0-1: DOUBLE (Line Drive, 5D, EV 104.4 MPH)
Batting: RHB Jesse Bandt 0-0: Ball
1-0: Swinging Strike
1-1: Fly out, F7 (Flyball, 7LS, EV 76.9 MPH)
Batting: RHB Pete Martin 0-0: Ball
1-0: Swinging Strike
1-1: Ground out 6-3 (Groundball, 6, EV 88.8 MPH)
Bottom of the 5th over - 0 runs, 1 hit, 0 errors, 1 left on base; Washington State University 4 - Pennsylvania State University 2
TOP OF THE 6TH
Washington State University Cougars batting - Pitching for Pennsylvania State University Nittany Lions : LHP Mike Anderson
Batting: SHB Juan Delanoval 0-0: Called Strike
0-1: Ball
1-1: Foul Ball, location: 2F
1-2: Ball
2-2: Ground out 4-3 (Groundball, 4M, EV 88.1 MPH)
Pitching: LHP John McDonald
Batting: RHB Mas Langat 0-0: Called Strike
0-1: Called Strike
0-2: Ball
1-2: Ball
2-2: Foul Ball, location: 2F
2-2: Ball
3-2: Base on Balls
Batting: LHB Scott Spillers 0-0: Ball
1-0: Ball
2-0: Ball
3-0: Base on Balls
Mas Langat to second
Batting: RHB Wil Gonzales 0-0: Foul Ball, location: 2F
0-1: Foul Ball, location: 2F
0-2: Ball
1-2: Fly out, F7 (Flyball, 7, EV 93.1 MPH)
Batting: RHB Miguel Paredes 0-0: Fielders Choice at 2nd, 5-4 (Groundball, 56, EV 104.4 MPH)
Top of the 6th over - 0 runs, 0 hits, 0 errors, 2 left on base; Washington State University 4 - Pennsylvania State University 2
BOTTOM OF THE 6TH
Pennsylvania State University Nittany Lions batting - Pitching for Washington State University Cougars : RHP Luke Cook
Batting: RHB Josh Ebeling 0-0: Ball
1-0: Swinging Strike
1-1: Foul Ball, location: 2F
1-2: Foul Ball, location: 2F
1-2: Ball
2-2: Ball
3-2: Base on Balls
Batting: RHB Rob Hinojosa 0-0: Ball
1-0: Foul Ball, location: 2F
1-1: Ball
2-1: Ball
3-1: Base on Balls
Josh Ebeling to second
Pitching: RHP Teddy Barber
Batting: RHB Victor Victorino 0-0: Ball
1-0: Called Strike
1-1: Ball
2-1: Foul Ball, location: 2F
2-2: Foul Ball, location: 2F
2-2: Ball
3-2: Foul Ball, location: 2F
3-2: Fly out, F7 (Flyball, 78M, EV 83.8 MPH)
Batting: RHB Joe Strachan 0-0: Ball
1-0: Ball
2-0: Fielders Choice at 2nd, 4-6 (Groundball, 4, EV 91.9 MPH)
Josh Ebeling to third
Batting: RHB Francisco Velazquez 0-0: Called Strike
0-1: Swinging Strike
0-2: Fly out, F8 (Flyball, 8RD, EV 79.4 MPH)
Bottom of the 6th over - 0 runs, 0 hits, 0 errors, 2 left on base; Washington State University 4 - Pennsylvania State University 2
TOP OF THE 7TH
Washington State University Cougars batting - Pitching for Pennsylvania State University Nittany Lions : LHP John McDonald
Pitching: RHP Velimir Danicic
Batting: RHB Ryan Toth 0-0: Ground out 3-1 (Groundball, 34, EV 90.0 MPH)
Batting: RHB Dave DeLaMater 0-0: Called Strike
0-1: Called Strike
0-2: Strikes out swinging
Batting: LHB David Jackson 0-0: Foul Ball, location: 2F
0-1: Swinging Strike
0-2: Ball
1-2: Foul Ball, location: 2F
1-2: SINGLE (Line Drive, 34D, EV 96.9 MPH)
Batting: LHB Israel Ariza 0-0: Ball
1-0: Ball
2-0: Ball
3-0: Called Strike
3-1: Base on Balls
David Jackson to second
Batting: SHB Juan Delanoval 0-0: Called Strike
0-1: Ball
1-1: Called Strike
1-2: Fly out, F4 (Line Drive, 4, EV 70.0 MPH)
Top of the 7th over - 0 runs, 1 hit, 0 errors, 2 left on base; Washington State University 4 - Pennsylvania State University 2
BOTTOM OF THE 7TH
Pennsylvania State University Nittany Lions batting - Pitching for Washington State University Cougars : RHP Teddy Barber
Pitching: RHP Jose Flores
Batting: RHB Zachary Roberts 0-0: DOUBLE (Line Drive, 7LS, EV 110.6 MPH)
Batting: RHB James Steinmetz 0-0: Ball
1-0: SINGLE (Flyball, 89S, EV 93.1 MPH)
Zachary Roberts to third
Batting: RHB Jesse Bandt 0-0: Ball
1-0: Ball
2-0: Ball
3-0: Called Strike
3-1: Called Strike
3-2: Base on Balls
James Steinmetz to second
Batting: RHB Pete Martin 0-0: SINGLE (Line Drive, 89S, EV 105.6 MPH)
Zachary Roberts scores
James Steinmetz to third
Jesse Bandt to second
Batting: RHB Josh Ebeling 0-0: Ball
1-0: Foul Ball, location: 2F
1-1: Foul Ball, location: 2F
1-2: Ball
2-2: Strikes out looking
Batting: RHB Rob Hinojosa 0-0: Ball
1-0: Called Strike
1-1: Foul Ball, location: 2F
1-2: Foul Ball, location: 2F
1-2: Strikes out swinging
Batting: RHB Victor Victorino 0-0: Called Strike
0-1: Ball
1-1: Ball
2-1: Fly out, F9 (Line Drive, 9, EV 88.1 MPH)
Bottom of the 7th over - 1 run, 3 hits, 0 errors, 3 left on base; Washington State University 4 - Pennsylvania State University 3
TOP OF THE 8TH
Washington State University Cougars batting - Pitching for Pennsylvania State University Nittany Lions : RHP Velimir Danicic
Pitching: RHP David Cantu
Batting: RHB Mas Langat 0-0: Ball
1-0: Swinging Strike
1-1: Called Strike
1-2: Ball
2-2: Foul Ball, location: 2F
2-2: Ball
3-2: Fly out, F8 (Flyball, 8LD, EV 94.4 MPH)
Batting: LHB Scott Spillers 0-0: Ball
1-0: Reached on error, E2 (Groundball, 2L, EV 61.2 MPH)
Batting: RHB Wil Gonzales 0-0: Ball
1-0: Called Strike
1-1: Ball
2-1: Ball
3-1: Base on Balls
Pinch Runner at 2nd Rafael Collyer:
Batting: RHB Miguel Paredes 0-0: Called Strike
0-1: Ball
1-1: Foul Ball, location: 2F
1-2: Fly out, F9 (Flyball, 9S, EV 81.2 MPH)
Batting: RHB Ryan Toth 0-0: Ball
1-0: Ball
2-0: 3-RUN HOME RUN (Flyball, 7D, EV 99.4 MPH), Distance : 389 ft
Pitching: RHP Tony Corona
Batting: RHB Dave DeLaMater 0-0: Ball
1-0: Swinging Strike
1-1: Hit by Pitch
Batting: LHB David Jackson 0-0: Swinging Strike
0-1: Ball
1-1: Ball
2-1: Fly out, F9 (Flyball, 9D, EV 101.2 MPH)
Top of the 8th over - 3 runs, 1 hit, 1 error, 1 left on base; Washington State University 7 - Pennsylvania State University 3
BOTTOM OF THE 8TH
Pennsylvania State University Nittany Lions batting - Pitching for Washington State University Cougars : RHP Jose Flores
Pitching: RHP Randolph Batten
Now at 3B: Rex Creswell
Now in RF: Wil Gonzales
Batting: RHB Joe Strachan 0-0: Ball
1-0: Ground out 6-3 (Groundball, P, EV 85.6 MPH)
Batting: RHB Francisco Velazquez 0-0: Ball
1-0: Ball
2-0: Ball
3-0: Base on Balls
Batting: RHB Zachary Roberts 0-0: Called Strike
0-1: Foul Ball, location: 2F
0-2: Ball
1-2: Foul Ball, location: 2F
1-2: Foul Ball, location: 2F
1-2: Ball
2-2: Ball
3-2: Base on Balls
Francisco Velazquez to second
Batting: RHB James Steinmetz 0-0: Ball
1-0: Called Strike
1-1: Ball
2-1: Foul Ball, location: 2F
2-2: Foul Ball, location: 2F
2-2: SINGLE (Groundball, 56D, EV 96.2 MPH)
Francisco Velazquez to third
Zachary Roberts to second
Runner from 3rd tries for Home, SAFE, throw by LF to home
Batting: RHB Jesse Bandt 0-0: Fielders Choice at 3rd, U5 (Groundball, 5L, EV 85.6 MPH)
James Steinmetz to second
Batting: RHB Pete Martin 0-0: Ball
1-0: Foul Ball, location: 2F
1-1: Ball
2-1: SINGLE (Groundball, 4MD, EV 101.2 MPH)
James Steinmetz to third
Jesse Bandt to second
Runner from 3rd tries for Home, SAFE, throw by CF to home
Pitching: RHP Lance Fisher
Batting: RHB Josh Ebeling 0-0: Ball
1-0: Swinging Strike
1-1: Swinging Strike
1-2: Ball
2-2: Ball
3-2: Base on Balls
Jesse Bandt to third
Pete Martin to second
Batting: RHB Rob Hinojosa 0-0: Called Strike
0-1: DOUBLE (Line Drive, 78D, EV 103.1 MPH)
Jesse Bandt scores
Pete Martin scores
Josh Ebeling to third
Runner from 3rd tries for Home, SAFE, throw by LF to home
Batting: RHB Victor Victorino 0-0: Ball
1-0: Called Strike
1-1: Foul Ball, location: 2F
1-2: Ball
2-2: Foul Ball, location: 2F
2-2: Foul Ball, location: 2F
2-2: Ball
3-2: Base on Balls
Pinch Runner at 2nd Perry Brantley:
Batting: RHB Joe Strachan 0-0: Ball
1-0: Foul Ball, location: 2F
1-1: Ball
2-1: Called Strike
2-2: Strikes out swinging
Bottom of the 8th over - 5 runs, 3 hits, 0 errors, 2 left on base; Washington State University 7 - Pennsylvania State University 8
TOP OF THE 9TH
Washington State University Cougars batting - Pitching for Pennsylvania State University Nittany Lions : RHP Tony Corona
Pitching: RHP Preki Nedic
Now at 2B: Jesse Bandt
Now in CF: Perry Brantley
Now in RF: Guy Jock
Batting: LHB Israel Ariza 0-0: Called Strike
0-1: Fly out, F7 (Line Drive, 7, EV 109.4 MPH)
Batting: SHB Juan Delanoval 0-0: Ball
1-0: Fly out, F7 (Flyball, 7D, EV 100.6 MPH)
Batting: RHB Mas Langat 0-0: Called Strike
0-1: Ball
1-1: Ball
2-1: Fly out, F9 (Flyball, 89M, EV 83.8 MPH)
Top of the 9th over - 0 runs, 0 hits, 0 errors, 0 left on base; Washington State University 7 - Pennsylvania State University 8
Thursday, December 15th , 2022 - OOTP Baseball 23.9 Build 102